 Dungeon Crawl Stone Soup version 0.29.1-15-g9cfb28693d (webtiles) character file.

Game seed: 7793140331775266361

5217 ananimalfarmdonkey the Cleaver (level 10, -4/91 HPs)
             Began as a Hill Orc Berserker on Apr 27, 2023.
             Was a Priest of Trog.
             Slain by a vampire (10 damage)
             ... on level 9 of the Dungeon.
             The game lasted 00:41:33 (8994 turns).

ananimalfarmdonkey the Cleaver (Hill Orc Berserker) Turns: 8994, Time: 00:41:34

Health: -4/91      AC: -4    Str: 25    XL:     10   Next: 61%
Magic:  10/10      EV: 20    Int:  7    God:    Trog [***...]
Gold:   144        SH:  0    Dex: 15    Spells: 9/9 levels left

rFire   . . .      SeeInvis .   (weapon currently unavailable)
rCold   . . .      Faith    .   (shield currently unavailable)
rNeg    . . .      Spirit   .   (body armour currently unavailable)
rPois   .          Reflect  .   (helmet currently unavailable)
rElec   .          Harm     .   (cloak currently unavailable)
rCorr   .          Rampage  .   (gloves currently unavailable)
Will    .....                   (boots currently unavailable)
Stlth   +.........              p - amulet of regeneration
HPRegen 1.05/turn               (ring currently unavailable)
MPRegen 0.12/turn               (ring currently unavailable)

@: confused, bat-form, corroded, on berserk cooldown, flying, slowed, quick
A: fast, flying, no casting, tiny
a: Renounce Religion, Berserk, Trog's Hand


You were on level 9 of the Dungeon.
You worshipped Trog.
Trog was most pleased with you.
You were a bat.
You visited 1 branch of the dungeon, and saw 9 of its levels.

You collected 504 gold pieces.
You spent 360 gold pieces at shops.

Inventory:

Hand Weapons
 j - a +0 battleaxe (melded)
Missiles
 f - 2 boomerangs (quivered)
Armour
 l - a +0 helmet (melded)
 q - a +1 cloak of willpower (melded)
 w - +1 acid dragon scales (melded)
Jewellery
 i - a ring of protection from fire
 k - a +4 ring of evasion (melded)
 p - an amulet of regeneration (around neck)
 D - a ring of protection from cold (melded)
Wands
 b - a wand of flame (20)
 t - a wand of iceblast (19)
 y - a wand of quicksilver (12)
 C - a wand of paralysis (11)
Scrolls
 c - 2 scrolls of identify
 n - 2 scrolls of teleportation
 r - 2 scrolls of enchant weapon
 x - a scroll of acquirement
 z - a scroll of fog
Potions
 a - a potion of mutation
 e - a potion of invisibility
 m - 3 potions of berserk rage
 s - 4 potions of heal wounds
 u - 2 potions of curing
 B - a potion of flight


   Skills:
 + Level 9.3 Fighting
 + Level 14.7 Axes
 + Level 7.6 Armour
 + Level 4.0 Dodging


You had 9 spell levels left.
You didn't know any spells.
Your spell library contained the following spells:

 Spells                   Type           Power      Damage    Failure   Level
 Apportation              Tloc           0%         N/A       43%         1
 Necrotise                Necr           0%         1d4       43%         1
 Summon Small Mammal      Summ           0%         N/A       43%         1
 Poisonous Vapours        Pois/Air       0%         N/A       56%         2
 Static Discharge         Conj/Air       0%         3-3/arc   56%         2
 Corpse Rot               Necr/Pois/Air  0%         N/A       99%         4
 Dispel Undead            Necr           0%         3d6       99%         4
 Sticky Flame             Conj/Fire      0%         2d3       99%         4


Dungeon Overview and Level Annotations

Branches:
Dungeon (9/15)               Lair (0/5) D:8
 Temple: D:4-7          Orc: D:9-12

Altars:
Cheibriados
Fedhas
Makhleb
Nemelex Xobeh
Ru
Sif Muna
Wu Jian
Zin

Shops:
D:2 :   D:7 =!:

Annotations:
D:5 Eustachio, Sigmund
D:9 Psyche


Message History

The acid dragon is heavily wounded.
You hear some strange, mumbled words.
The acid dragon closely misses you.
The acid dragon claws you but does no damage.
You slash the acid dragon!
You feel the power of Trog in you as your rage grows.
You kill the acid dragon!
Trog accepts your kill.
You hear a zap.
You turn into a bat.
Your +0 battleaxe melds into your body.
Your +1 cloak of willpower melds into your body.
Your +0 helmet melds into your body.
Your +1 acid dragon scales melds into your body.
Your ring of protection from cold melds into your body.
Your +4 ring of evasion melds into your body.
You feel less strong-willed.
You closely miss something. Something hits you. Something bites you!
Something draws strength from your injuries!
Something hits you. Space warps horribly around you.
You hit something but do no damage. You closely miss something.
Something hits you. Space warps around you. Something hits you!
Something bites you!
Something draws strength from your injuries!
You bite something! Something hits you! Space warps around you.
You hear some strange, mumbled words.
You are confused.
You bump into the rock wall.
Something hits you!
* * * LOW HITPOINT WARNING * * *
You bump into the rock wall.
You feel a strong urge to attack something.
Something closely misses you. Something barely misses you.
You bump into the rock wall.
You are no longer berserk.
You are exhausted.
You feel yourself slow down. Something hits you.
* * * LOW HITPOINT WARNING * * *
Space warps horribly around you!
* * * LOW HITPOINT WARNING * * *
You closely miss something. Something barely misses you. Something hits you!
You die...

.............### .....
...............# ##..#..
.........##.#..##.......
.........####...........
.........# ##..........
.........## ##........#
....@.....## ##........
...........## ##{##.....
............###{b# .###
.....#.......?...# #8/
...............###
..........##..##
...........#...
................
..............##..
.......#.......... .#...
.##.........##...##.#..


There were no monsters in sight!

Vanquished Creatures
  Pikel (D:8)
  Grinder (D:3)
  A hornet (D:8)
  2 wyverns
  2 yaks (D:8)
  2 steam dragons
  4 acid dragons
  3 water moccasins
  Duvessa (D:6)
  A black bear (D:7)
  3 orc warriors
  2 sky beasts
  4 ice beasts
  2 ogres (D:6)
  A centaur (D:8)
  4 lemures (D:8)
  A kobold brigand (D:8)
  4 bullfrogs
  2 necrophages
  7 scorpions
  Dowan (D:6)
  A howler monkey (D:6)
  A jelly (D:7)
  A hound (D:6)
  Crazy Yiuf (D:2)
  A gnoll bouda (D:7)
  2 orc priests
  2 iguanas (D:6)
  5 orc wizards
  3 gnolls (D:7)
  5 adders
  6 white imps
  An ufetubus (D:5)
  A worm (D:2)
  7 dart slugs
  23 orcs
  6 bats
  10 endoplasms
  2 giant cockroaches
  5 goblins
  5 hobgoblins
  3 jackals (D:4)
  13 kobolds
  3 quokkas
  7 ball pythons
  A frilled lizard (D:1)
  6 rats
170 creatures vanquished.

Vanquished Creatures (others)
  11 fungi
  18 plants
29 creatures vanquished.

Grand Total: 199 creatures vanquished

Notes
Turn   | Place    | Note
-------+----------+-------------------------------------------
     0 | D:1      | ananimalfarmdonkey the Hill Orc Berserker began the quest
                  | for the Orb.
     0 | D:1      | Reached XP level 1. HP: 19/19 MP: 1/1
   327 | D:1      | Found a faded altar of an unknown god.
   389 | D:1      | Reached XP level 2. HP: 27/27 MP: 2/2
   710 | D:1      | Reached XP level 3. HP: 30/33 MP: 3/3
  1005 | D:1      | Reached ** piety under Trog
  1176 | D:2      | Identified the +9 dagger "Xyxzas" {drain, rC+ Str+2}
  1242 | D:2      | Reached skill level 5 in Axes
  1647 | D:2      | Found Ruschotap's Book Shop.
  1692 | D:2      | Reached XP level 4. HP: 41/41 MP: 4/4
  2250 | D:2      | Found a runed translucent door.
  2251 | D:2      | Noticed Crazy Yiuf
  2384 | D:2      | Killed Crazy Yiuf
  2627 | D:3      | Noticed a necrophage
  2643 | D:3      | Killed a necrophage
  2644 | D:3      | Reached skill level 6 in Axes
  2644 | D:3      | Reached XP level 5. HP: 47/47 MP: 5/5
  3175 | D:3      | Noticed Grinder
  3181 | D:3      | Paralysed by Grinder for 3 turns
  3196 | D:3      | Paralysed by Grinder for 2 turns
  3269 | D:3      | Killed Grinder
  3270 | D:3      | Reached skill level 5 in Fighting
  3270 | D:3      | Reached skill level 7 in Axes
  3270 | D:3      | Reached XP level 6. HP: 14/56 MP: 6/6
  3766 | D:3      | Found an ornate altar of the Wu Jian Council.
  4001 | D:4      | Reached XP level 7. HP: 61/61 MP: 7/7
  4583 | D:4      | Reached skill level 8 in Axes
  5027 | D:5      | Entered Level 5 of the Dungeon
  5037 | D:5      | Reached skill level 5 in Armour
  5278 | D:5      | Noticed Sigmund
  5279 | D:5      | Noticed Eustachio
  5461 | D:6      | Reached skill level 9 in Axes
  5461 | D:6      | Reached XP level 8. HP: 47/70 MP: 8/8
  6448 | D:6      | Noticed Dowan
  6451 | D:6      | Noticed Duvessa
  6456 | D:6      | Killed Duvessa
  6457 | D:6      | Reached skill level 10 in Axes
  6460 | D:6      | Killed Dowan
  6781 | D:7      | Found a shimmering blue altar of Sif Muna.
  6782 | D:7      | Found a glowing silver altar of Zin.
  6784 | D:7      | Found a snail-covered altar of Cheibriados.
  6784 | D:7      | Found a burning altar of Makhleb.
  6786 | D:7      | Found a blossoming altar of Fedhas.
  6787 | D:7      | Found a sparkling altar of Nemelex Xobeh.
  6807 | D:7      | Reached skill level 11 in Axes
  6807 | D:7      | Reached XP level 9. HP: 57/78 MP: 9/9
  7051 | D:7      | Reached skill level 12 in Axes
  7154 | D:7      | Reached *** piety under Trog
  7203 | D:7      | Found Xirustry's Book Shop.
  7262 | D:7      | Found Ereehexe's Distillery.
  7268 | D:7      | Bought 2 potions of heal wounds for 120 gold pieces
  7268 | D:7      | Bought a potion of invisibility for 96 gold pieces
  7268 | D:7      | Bought a potion of heal wounds for 60 gold pieces
  7268 | D:7      | Bought a potion of curing for 36 gold pieces
  7268 | D:7      | Bought a potion of curing for 36 gold pieces
  7268 | D:7      | Bought a potion of degeneration for 12 gold pieces
  7346 | D:7      | Found Cauz's Jewellery Boutique.
  7369 | D:7      | Found a sacrificial altar of Ru.
  7408 | D:7      | Identified a scroll of acquirement
  7511 | D:8      | Reached skill level 13 in Axes
  7624 | D:8      | Reached XP level 10. HP: 88/88 MP: 10/10
  8433 | D:8      | Noticed Pikel
  8447 | D:8      | Killed Pikel
  8448 | D:8      | Reached skill level 14 in Axes
  8689 | D:8      | Found a staircase to the Lair.
  8946 | D:9      | Noticed Psyche
  8994 | D:9      | Slain by a vampire

Illustrated notes

Levels and vault maps discovered:
D:1:      lightli_arrival_flooded_house, layout_basic,
          shapermc_ecumenical_altar_acropolis, serial_corexii_hall,
          corexii_hall_statues_t, corexii_hall_statues_deadend
D:2:      layout_loops_ring, serial_shops, nicolae_shop_waterfront,
          serial_forest, infiniplex_forest_diagonal, infiniplex_forest_end_1,
          infiniplex_forest_end_2, infiniplex_forest_diagonal,
          infiniplex_forest_zigzag_2, infiniplex_forest_clump_cross,
          infiniplex_forest_zigzag_1, infiniplex_forest_zigzag_1,
          uniq_crazy_yiuf_cottage
D:3:      layout_loops_ring, nzn_wu_jian_council_hall, serial_forest,
          infiniplex_forest_lined_4_way, infiniplex_forest_corner_2,
          infiniplex_forest_lined_4_way, infiniplex_forest_clump_curved,
          infiniplex_forest_lined_2, infiniplex_forest_clump_cross,
          infiniplex_forest_clump_double, minmay_misc_feat_encased,
          dreamdust_princess_bridge, uniq_grinder
D:4:      cheibrodos_old_hovel, layout_layer_cave
D:5:      layout_loops_corners, mainiacjoe_overflow_paths, temple_hall,
          kennysheep_path_1, uniq_sigmund, uniq_eustachio
D:6:      layout_loops_ring, uniq_duvessa
D:7:      minmay_bubble_buster, layout_basic, grunt_temple_overflow_open,
          nicolae_overflow_crystal_walls, serial_shops, shop,
          nicolae_shop_statue_plus, kennysheep_little_box
D:8:      layout_layer_cave, grunt_lair_entry_orc_guard_hut, uniq_pikel
D:9:      gammafunk_sealed_arena, layout_cave_pools, uniq_psyche, uniq_erolcha

Skill      XL: |  1  2  3  4  5  6  7  8  9 10 |
---------------+-------------------------------+-----
Fighting       | 4 5 6 8 9 |  9.3
Axes           | 5 6 7 9 11 13 14 | 14.7
Dodging        | 2 3 4 |  4.0
Armour         | 3 4 5 6 7 |  7.6

Action                   |  1- 3 |  4- 6 |  7- 9 | 10-12 || total
-------------------------+-------+-------+-------+-------++-------
Melee: Hand axe          |   110 |    89 |       |       ||   199
       Battleaxe         |       |     3 |   248 |    79 ||   330
       Unarmed           |       |       |       |     5 ||     5
Invok: Berserk           |       |     5 |     9 |     5 ||    19
  Use: Scroll            |       |     8 |     7 |     3 ||    18
       Potion            |       |     3 |     8 |     1 ||    12
 Stab: Invisible         |       |       |     1 |       ||     1
Armor: Animal skin       |     5 |       |       |       ||     5
       Chain mail        |    34 |    62 |   117 |       ||   213
       Acid dragon scale |       |       |    30 |    30 ||    60
Dodge: Dodged            |    67 |    45 |   115 |    75 ||   302
